Cogmind - Beta 14 @@@ ROGUE MODE // 2025.01.02 @ 13:41:05 Player: LightKnight Result: Destroyed by Z-Imprinter with Zionite Laser-M Performance ------------- Evolutions (1) 500 Regions Visited (6) 1200 Robots Destroyed (17) 85 Value Destroyed (466) 466 Prototype IDs (1) 20 Alien Tech Used (0) 0 Bonus (485) 485 TOTAL SCORE: 2756 Bonus ------- Pacifist 200 Met Imprinter 300 Friendly Fire -15 Cogmind --------- Core Integrity 0/400 Matter 300/300 Energy 51/100 System Corruption 0% Temperature Cool (9) Movement Core (50) Location -7/Deep Caves Parts ------- > --- POWER (1) -------- (None) > --- PROPULSION (3) --- (None) > --- UTILITY (3) ------ Signal Interpreter ECM Suite > --- WEAPON (2) ------- (None) > --- INVENTORY (5) ---- Makeshift Power Source Makeshift Terrain Scan Processor Makeshift ECM Suite Makeshift Hacking Suite Makeshift Axe Peak State ------------ > --- POWER ------------ Makeshift Power Source > --- PROPULSION ------- Light Treads Light Treads Advanced Treads > --- UTILITY ---------- Small Storage Unit Signal Interpreter Hacking Drone Bay > --- WEAPON ----------- Heavy Assault Rifle Heavy Assault Rifle > --- INVENTORY -------- Ion Engine Improved Heat Sink Improved Targeting Computer Hardened Medium Armor Plating Improved Light Armor Plating Makeshift Hacking Suite Plasma Cutter Makeshift Axe [Rating: 26] Favorites ----------- Power Makeshift Power Source Engine Makeshift Power Source Propulsion Light Treads Treads Light Treads Leg Aluminum Leg Flight Unit Makeshift Flight Unit Utility Small Storage Unit Device Tractor Beam Storage Small Storage Unit Processor Signal Interpreter Protection Hardened Light Armor Plating Weapon Heavy Assault Rifle Energy Gun EM Shotgun Ballistic Gun Heavy Assault Rifle Special Weapon Plasma Cutter Slashing Weapon Makeshift Axe Build | -11 -10 -10 -9 -9 -7 -7 ------- Run | Yrd Mat Min Mat Min Zio Dee Slots Evolved 2 | . . . 2 . . . Power . | . . . . . . . Propulsion 1 | . . . 1 . . . Utility 1 | . . . 1 . . . Weapon . | . . . . . . . Parts Attached 23 | . 1 . 8 3 9 2 Power 1 | . . . . . 1 . Engine 1 | . . . . . 1 . Core . | . . . . . . . Reactor . | . . . . . . . Propulsion 7 | . . . 4 1 2 . Treads 6 | . . . 4 1 1 . Leg . | . . . . . . . Wheel . | . . . . . . . Hover . | . . . . . . . Flight 1 | . . . . . 1 . Utility 7 | . 1 . 1 1 4 . Device 4 | . . . 1 . 3 . Storage . | . . . . . . . Processor 1 | . . . . . 1 . Hackware . | . . . . . . . Protection 2 | . 1 . . 1 . . Artifact . | . . . . . . . Weapon 8 | . . . 3 1 2 2 Energy Gun 1 | . . . 1 . . . Energy Cannon . | . . . . . . . Ballistic Gun 3 | . . . 2 1 . . Ballistic Cannon . | . . . . . . . Launcher . | . . . . . . . Special Weapon 1 | . . . . . 1 . Impact Weapon . | . . . . . . . Slashing Weapon 3 | . . . . . 1 2 Piercing Weapon . | . . . . . . . Special Melee Weapon . | . . . . . . . Unidentified Prototypes 1 | . . . . . 1 . Parts Lost 3 | . . . . 1 . 2 Power . | . . . . . . . Propulsion 1 | . . . . . . 1 Utility 1 | . . . . . . 1 Weapon 1 | . . . . 1 . . Highest Loss Streak 2 | . . . . 1 . 2 To Critical Strikes . | . . . . . . . Average Slot Usage (%) 92 | . 95 100 93 100 94 55 Engine 11 | . 14 14 11 11 11 10 Treads 23 | . . . 26 33 29 . Leg 3 | . 28 28 . . . . Flight 1 | . . . . . 1 10 Device 10 | . . . 10 11 11 22 Storage 9 | . 14 14 11 11 9 . Processor 6 | . . . . . 9 11 Protection 4 | . 10 14 11 11 1 . Energy Gun 3 | . 14 14 11 6 . . Ballistic Gun 14 | . 14 14 11 15 17 . Peak Build Rating 26 | 6 9 9 13 14 26 24 Average Rating 16 | 6 8 8 12 13 19 19 On Entrance 11 | 6 6 9 9 13 14 20 Naked Turns . | . . . . . . . Heaviest Build 22 | 14 19 19 22 22 20 10 Greatest Support 62 | 20 20 20 60 60 62 8 Greatest Overweight (x) 4 | . . . . . 4 1 Average Overweight (x) . | . . . . . . . Largest Inventory Capacity 8 | 8 8 8 8 8 8 5 Average Capacity 7 | 8 8 8 8 8 7 5 Most Carried 8 | 6 8 8 8 8 8 5 Average Carried 7 | 6 7 7 7 7 7 4 Final Capacity 8 | 8 8 8 8 8 5 5 Final Carried 8 | 6 8 8 8 8 5 5 Class Distribution -------------------- 50% | Scavenger-Mutant 48% | Mutant Dominant Class ---------------- Mutant | -10/Materials Mutant | -10/Mines Mutant | -9/Materials Scavenger-Mutant | -9/Mines Scavenger-Mutant | -7/Zion Mutant | -7/Deep Caves Resources | -11 -10 -10 -9 -9 -7 -7 ----------- Run | Yrd Mat Min Mat Min Zio Dee Matter Collected 570 | 200 . 13 185 72 42 58 Remotely 287 | . . . 185 72 30 . Salvage Created 563 | . . . 441 109 . 13 Parts 45 | . . . 39 6 . . Haulers Intercepted . | . . . . . . . Recyclers Shooed . | . . . . . . . Parts Field Recycled . | . . . . . . . Retrieved Matter . | . . . . . . . Parts Self-Destructed . | . . . . . . . Prevented . | . . . . . . . Kills | -11 -10 -10 -9 -9 -7 -7 ------- Run | Yrd Mat Min Mat Min Zio Dee Combat Hostiles Destroyed 11 | . . . 8 2 . 1 Melee 1 | . . . . . . 1 Guns 10 | . . . 8 2 . . Classes Destroyed 7 | . . . 6 . . 1 Worker 3 | . . . 3 . . . Watcher 4 | . . . 4 . . . Swarmer 2 | . . . 2 . . . Grunt 2 | . . . 2 . . . Brawler 1 | . . . 1 . . . Sentry 5 | . . . 3 2 . . Assembled 1 | . . . . . . 1 Best Kill Streak 5 | . . . 5 2 . 1 Combat Bots Only 4 | . . . 4 2 . 1 Max Kills in Single Turn 1 | . . . 1 1 . 1 Gunslinging . | . . . . . . . Exploded . | . . . . . . . Melee 1 | . . . . . . 1 Uniques/NPCs Destroyed . | . . . . . . . Combat | -11 -10 -10 -9 -9 -7 -7 -------- Run | Yrd Mat Min Mat Min Zio Dee Hostile Shots Fired 75 | . . . 38 6 . 31 Missed 19 | . . . 6 1 . 12 Damage Taken 1228 | . . . 448 228 . 552 Core 410 | . . . 62 16 . 332 Absorbed by Shields . | . . . . . . . Regen/Repaired (Parts) 237 | . . . . . 237 . Core Remaining (%) 100 | 100 . 100 . . . . Volleys Fired 44 | . 1 . 35 8 . . Largest 2 | . 2 . 2 2 . . Hottest 68 | . 60 . 68 68 . . Shots Fired 78 | . 2 . 60 16 . . Gun 78 | . 2 . 60 16 . . Cannon . | . . . . . . . Launcher . | . . . . . . . Special . | . . . . . . . Kinetic 50 | . 1 . 35 14 . . Thermal . | . . . . . . . Explosive . | . . . . . . . Electromagnetic 28 | . 1 . 25 2 . . Robot Hit Streak 9 | . . . 6 9 . . Robot Miss Streak 4 | . 2 . 4 1 . . Penetration Max . | . . . . . . . Secondary Targets . | . . . . . . . Shots Hit Robots 51 | . . . 35 13 . 3 Core Hits 30 | . . . 23 6 . 1 Critical Kills 1 | . . . . 1 . . Critical Parts Destroyed . | . . . . . . . Critical Strikes 1 | . . . . 1 . . Destroy 1 | . . . . 1 . . Melee Attacks 13 | . . . . . . 13 Impact . | . . . . . . . Slashing 13 | . . . . . . 13 Piercing . | . . . . . . . Sneak Attacks . | . . . . . . . Combat Hostiles . | . . . . . . . Follow-up Attacks . | . . . . . . . Damage Inflicted 988 | . . . 656 208 . 124 Guns 786 | . . . 578 208 . . Cannons . | . . . . . . . Explosions 78 | . . . 78 . . . Melee 124 | . . . . . . 124 Ramming . | . . . . . . . Kinetic 440 | . . . 250 190 . . Thermal 78 | . . . 78 . . . Explosive . | . . . . . . . Electromagnetic 346 | . . . 328 18 . . Impact . | . . . . . . . Slashing 124 | . . . . . . 124 Piercing . | . . . . . . . Highest Corruption . | . . . . . . . Average Corruption . | . . . . . . . Corruption Purged . | . . . . . . . Corruption Blocked . | . . . . . . . Overload Shots . | . . . . . . . Overflow Damage . | . . . . . . . Projectiles . | . . . . . . . Explosions . | . . . . . . . Melee . | . . . . . . . Knockbacks . | . . . . . . . Impact . | . . . . . . . Kinetic . | . . . . . . . Secondary . | . . . . . . . Self-Inflicted Damage 48 | . . . 48 . . . Shots 2 | . . . 2 . . . Rammed . | . . . . . . . Targets Rammed . | . . . . . . . Kicked . | . . . . . . . Crushed . | . . . . . . . Highest Temperature 75 | . 15 . 75 12 . 4 Average Temperature 20 | . 8 . 23 6 . 4 Received Heat Transfer 306 | . . . 144 27 . 135 Siege Activations . | . . . . . . . Robots Corrupted . | . . . . . . . Combat Hostiles . | . . . . . . . Parts Fried 1 | . . . 1 . . . Impact Corruptions . | . . . . . . . Robots Melted . | . . . . . . . Combat Hostiles . | . . . . . . . Parts Melted . | . . . . . . . Heat Transferred 150 | . . . 150 . . . Parts Sabotaged . | . . . . . . . Parts Stolen . | . . . . . . . Parts Stripped . | . . . . . . . Power Chain Reactions 2 | . . . 2 . . . Alert | -11 -10 -10 -9 -9 -7 -7 ------- Run | Yrd Mat Min Mat Min Zio Dee Peak Influence 242 | . 15 5 242 127 . . Initial 81 | . . 5 1 81 . . Average 66 | . 2 5 102 96 . . Maximum Alert Level 1 | . . . 1 . . . Low Security (%) 93 | 100 100 100 87 100 . . Level 1 6 | . . . 12 . . . Level 2 . | . . . . . . . Level 3 . | . . . . . . . Level 4 . | . . . . . . . Level 5 . | . . . . . . . High Security . | . . . . . . . Max Security . | . . . . . . . Squads Dispatched . | . . . . . . . Investigation . | . . . . . . . Extermination . | . . . . . . . Reinforcement . | . . . . . . . Assault . | . . . . . . . Garrison . | . . . . . . . Intercept . | . . . . . . . Searches Triggered . | . . . . . . . Construction Impeded . | . . . . . . . Haulers Reinforced . | . . . . . . . Active Scanning Responses . | . . . . . . . Cargo Convoy Interrupts . | . . . . . . . Stealth | -11 -10 -10 -9 -9 -7 -7 --------- Run | Yrd Mat Min Mat Min Zio Dee Distress Signals 2 | . . . 1 1 . . Communications Jammed . | . . . . . . . Distress Signals . | . . . . . . . Times Spotted 29 | . 1 . 17 4 . 7 Peak Tracking Total 6 | . 1 . 4 2 . 6 Tactical Retreats 1 | . . . . . . 1 Traps | -11 -10 -10 -9 -9 -7 -7 ------- Run | Yrd Mat Min Mat Min Zio Dee Traps Triggered . | . . . . . . . Indirectly . | . . . . . . . Trap Hack Attempts . | . . . . . . . Triggered . | . . . . . . . Disarmed . | . . . . . . . Reprogrammed . | . . . . . . . Reused . | . . . . . . . Traps Extracted . | . . . . . . . Installed . | . . . . . . . Triggered . | . . . . . . . Machines | -11 -10 -10 -9 -9 -7 -7 ---------- Run | Yrd Mat Min Mat Min Zio Dee Machines Disabled 8 | . 1 . 4 . 3 . Max in Single Turn 2 | . 1 . 2 . 1 . Machines Repaired . | . . . . . . . Machines Dismantled 3 | . . . . . 3 . Machines Sabotaged . | . . . . . . . Overloaded Fab Kills . | . . . . . . . Hacking | -11 -10 -10 -9 -9 -7 -7 --------- Run | Yrd Mat Min Mat Min Zio Dee Machines Accessed 1 | . 1 . . . . . Terminals 1 | . 1 . . . . . Fabricators . | . . . . . . . Repair Stations . | . . . . . . . Recycling Units . | . . . . . . . Scanalyzers . | . . . . . . . Garrison Access . | . . . . . . . Total Hacks 1 | . 1 . . . . . Successful 1 | . 1 . . . . . Failed . | . . . . . . . Catastrophic . | . . . . . . . Database Lockouts . | . . . . . . . Manual . | . . . . . . . Terminals 1 | . 1 . . . . . Fabricators . | . . . . . . . Repair Stations . | . . . . . . . Recycling Units . | . . . . . . . Scanalyzers . | . . . . . . . Garrison Access . | . . . . . . . Terminal Hacks 1 | . 1 . . . . . Locate Traps 1 | . 1 . . . . . Fabricator Hacks . | . . . . . . . Repair Station Hacks . | . . . . . . . Recycling Unit Hacks . | . . . . . . . Scanalyzer . | . . . . . . . Garrison Access Hacks . | . . . . . . . Unauthorized Hacks . | . . . . . . . Terminals . | . . . . . . . Fabricators . | . . . . . . . Repair Stations . | . . . . . . . Recycling Units . | . . . . . . . Scanalyzers . | . . . . . . . Garrison Access . | . . . . . . . Data Cores Recovered . | . . . . . . . Used . | . . . . . . . Hacking Detections . | . . . . . . . Full Trace Events . | . . . . . . . Feedback Events . | . . . . . . . Feedback Blocked . | . . . . . . . Robot Schematics Acquired 2 | . . . . . 2 . Robots Built . | . . . . . . . Authchips . | . . . . . . . Time . | . . . . . . . Total Robot Build Rating . | . . . . . . . Part Schematics Acquired 15 | . . . . . 15 . Parts Built . | . . . . . . . Authchips . | . . . . . . . Time . | . . . . . . . Total Part Build Rating . | . . . . . . . Parts Repaired . | . . . . . . . Time . | . . . . . . . Parts Recycled . | . . . . . . . Recycled Matter . | . . . . . . . Retrieved Matter . | . . . . . . . Retrieved Components . | . . . . . . . Parts Scanalyzed . | . . . . . . . Part Schematics Acquired . | . . . . . . . Parts Damaged . | . . . . . . . Bothacking | -11 -10 -10 -9 -9 -7 -7 ------------ Run | Yrd Mat Min Mat Min Zio Dee Used RIF Installer . | . . . . . . . Robots Hacked . | . . . . . . . Non-combat . | . . . . . . . Combat . | . . . . . . . Robot Hacks Applied . | . . . . . . . Relay Couplers Released . | . . . . . . . Fabnet Peak Effective % . | . . . . . . . Robots Rewired . | . . . . . . . Allies Hacked . | . . . . . . . Hacks Repelled . | . . . . . . . Allies | -11 -10 -10 -9 -9 -7 -7 -------- Run | Yrd Mat Min Mat Min Zio Dee Total Allies 4 | . . . . . 4 . Largest Group 4 | . . . . . 4 4 Highest-Rated Group 101 | . . . . . 101 101 Highest-Rated Ally 31 | . . . . . 31 31 Total Orders 2 | . . . . . . 2 EXPLORE 2 | . . . . . . 2 Ally Attacks 17 | . . . . . . 17 Total Damage 379 | . . . . . . 379 Kills 3 | . . . . . . 3 Allies Corrupted . | . . . . . . . Allies Melted . | . . . . . . . Intel | -11 -10 -10 -9 -9 -7 -7 ------- Run | Yrd Mat Min Mat Min Zio Dee Robot Analysis Total . | . . . . . . . Derelict Logs Recovered 3 | . . 1 . . 2 . Drone Launches 2 | . . . . . . 2 Drone Recoveries 2 | . . . . . . 2 Exploration | -11 -10 -10 -9 -9 -7 -7 ------------- Run | Yrd Mat Min Mat Min Zio Dee Turns Passed 3746 | 3 176 240 570 198 2268 291 Spaces Moved 2327 | 3 139 186 286 104 1408 201 Core 50 | . . . . . 1 49 Treads 1596 | . . . 272 104 1220 . Legs 342 | 3 139 186 14 . . . Wheels . | . . . . . . . Hover . | . . . . . . . Flight 339 | . . . . . 187 152 Fastest Speed 50 | 120 120 120 120 160 55 50 Average Speed 135 | 120 120 120 158 160 143 60 Slowest Speed 250 | 120 120 120 160 160 250 145 Overloaded Moves . | . . . . . . . Propulsion Burnouts . | . . . . . . . Robots Hopped . | . . . . . . . Cave-ins Triggered . | . . . . . . . Exploration Rate (%) 43 | 2 29 58 28 39 88 61 Regions Visited 6 Branch Regions 4 Pre-discovered Areas . | . . . . . . . Known Exits Taken 2 | . . . 1 . 1 . Unknown Exits Taken 4 | 1 1 1 . 1 . . Scrap Searched 3 | . . 1 . 1 1 . Spaces Dug . | . . . . . . . Terrain Destroyed 2 | . . . 2 . . . Melee . | . . . . . . . Projectile . | . . . . . . . AOE 2 | . . . 2 . . . Terrain Rammed . | . . . . . . . Walls Destroyed . | . . . . . . . Machines Disabled . | . . . . . . . Actions | -11 -10 -10 -9 -9 -7 -7 --------- Run | Yrd Mat Min Mat Min Zio Dee Total 2783 | 2 146 203 347 121 1605 359 Wait 297 | . . 16 3 . 139 139 Move 2321 | 2 138 185 285 103 1407 201 Hop . | . . . . . . . Pick Up 19 | . 4 1 7 3 4 . Fast Attach 7 | . 1 . 1 1 4 . Attach 5 | . . . 2 1 . 2 Detach 5 | . . . . . 2 3 Swap 11 | . . . 5 1 5 . Drop 34 | . 2 1 9 4 17 1 Fire 44 | . 1 . 35 8 . . Melee 13 | . . . . . . 13 Ram . | . . . . . . . Kick . | . . . . . . . Crush . | . . . . . . . Escape Stasis . | . . . . . . . Rewire . | . . . . . . . Trap . | . . . . . . . Miscellaneous 27 | . . . . . 27 . Route ------- -11/Scrapyard -10/Materials -10/Mines -9/Materials -9/Mines -7/Zion (discovered 2 exits: *Dee / *Pro) -7/Deep Caves History --------- Turn | Location | Event 1 | -11/Scrapyard | Discovered new exit (range 3) 4 | -11/Scrapyard | Entered Materials 174 | -10/Materials | Discovered new exit (range 6) 180 | -10/Materials | Entered Mines 309 | -10/Mines | Build established: Mutant 369 | -10/Mines | Learned 2 Materials zone layouts 387 | -10/Mines | Received a Rocket Launcher from a helpful Derelict 395 | -10/Mines | Discovered new exit (range 3) 420 | -10/Mines | Entered Materials 420 | -9/Materials | Evolved 2 slots: Propulsion x1, Utility x1 421 | -9/Materials | Identified exit to Mines 990 | -9/Materials | Entered Mines 991 | -9/Mines | Assembled infested the area 996 | -9/Mines | Assisted by a Guerilla fighting off Assembled 1107 | -9/Mines | Joined a pair of Derelicts in attacking an 0b10 outpost 1170 | -9/Mines | A Derelict revealed a hidden shortcut to a safe place 1188 | -9/Mines | Entered Zion 1315 | -7/Zion | Build established: Scavenger-Mutant 1339 | -7/Zion | Learned Factory emergency access door positions 1536 | -7/Zion | Discovered new exit (range 16) 1566 | -7/Zion | Identified exit to Proximity Caves 1975 | -7/Zion | Gained Derelict followers 2060 | -7/Zion | Learned location of 1 exit from Proximity Caves 2242 | -7/Zion | Visited the Megawrench Repair Shop 2242 | -7/Zion | Megawrench repaired 6 parts 2624 | -7/Zion | Given the Hacking Drone Bay 2628 | -7/Zion | Found Prototype Device 2628 | -7/Zion | Identified Hacking Drone Bay 2750 | -7/Zion | Met Imprinter 2971 | -7/Zion | Discovered new exit (range 3) 2971 | -7/Zion | Saw the warning signs outside the Deep Caves entrance 2972 | -7/Zion | Identified exit to Deep Caves 3185 | -7/Zion | Build established: Mutant 3456 | -7/Zion | Entered Deep Caves 3456 | -7/Deep Caves | Accompanied by 4 allies 3614 | -7/Deep Caves | Z-Facility disabled 3711 | -7/Deep Caves | Attacked by Z-Imprinter 3720 | -7/Deep Caves | Core integrity fell below 50% 3735 | -7/Deep Caves | Core integrity fell below 20% 3747 | -7/Deep Caves | Destroyed by Z-Imprinter with Zionite Laser-M Last Messages --------------- 03525_ as-78969 destroyed. 03527_ Acquired 13 matter. 03530_ Acquired 5 matter. 03532_ Acquired 15 matter. 03537_ Acquired 25 matter. 03551_ Hacking Drone released from Hacking Drone Bay. 03614_ Z-Facility disabled. 03657_ Hacking Drone retrieved by Hacking Drone Bay. 03677_ NEW_ZION: Z-Facility proximity alert. 03695_ UF-PNX(l) sneak attacks. 03695_ 1M-IBJ(o) destroyed. 03704_ UF-PNX(l) destroyed. Z-Imprinter: GET AWAY FROM HERE! I've worked too hard for our future just to have you ruin everything! 03721_ Mak. Flight Unit destroyed. 03722_ Dropped Imp. Heat Sink. 03742_ Hacking Drone Bay destroyed. Map ----- +----------------------------------------------------+ | ?????????????????????????????????????????????????? | | ?????????????????????????????????????????????????? | | ?????????????????????????????????????????????????? | | ?????????????????????????????????????????????????? | | ?????????????????????????????????????????????????? | | ?????????????????????????????????????????????????? | | ?????????????????????????????????????????????????? | | ?????????????????????????????????????????????????? | | ?????????????????????????????????????????????????? | | ????????????????????????????????????? ### ?????? | | ??????????????????????????????????? ????? | | ??????????????????????????? ? ??? | | ?????????????????????????? ???? | | ??????????????????????????? ???? | | ?????????????????????????? #???? | | ?????????????????????????? ????? | | ??????????????????????????" #????? | | ??????????????????????????"" #????? | | ??????????????????????????? ?????? | | ??????????????????????????? #?????? | | ???????????? ?????????????## ## #?????? | | ??????????? ???????#### #??# #??????? | | ??????????? ???## #????# ##?????? | | ???????????? ## ##????# ####??? | | ???????????????# #??### #??? | | ??????????????????# @ #??#" ## ##?? | | ??????????????????## ## #### #### ##? | | ????????????????????????## ## #??#### #? | | ?????????????????????????###; a ##?????## ## | | ????????????????????????????# I ##???????# # | | ????????????????????????????# ####???????## # | | ???????????????????????????# ##??????????# | | ???????????????????????????# #????????# | | ???????????????????????????## #???????# | | ????????????????????????????# ???????# "# | | ????????????????????????????# ???????## ### | | ???????????????????????????? ???????# #?? | | ??????????????????????????? ???????## ??? | | ??????????????????????????? ???????## ??? | | ??????????????????????????## ????????# ??? | | ???????????????????????????# #?????????# ??? | | ???????????????????????????# ##??????????## ??? | | ????????????????????????????###?????????????###??? | | ?????????????????????????????????????????????????? | | ?????????????????????????????????????????????????? | | | | | | | | | | | +----------------------------------------------------+ Best States ------------- Heat Dissipation 28 Energy Generation 15 Energy Capacity 250 Matter Stores 300 Matter Capacity 300 Sight Range 16 Terrain Scan Density 10 ECM Strength 1 Armor Coverage 150 Evasion (%) 59 Recoil Reduction 3 Item Schematics ----------------- Kinecellerator | -7/Zion | Archive Fusion Compressor | -7/Zion | Archive Xenon Bombardment Thruster | -7/Zion | Archive Phase Cannon | -7/Zion | Archive Imp. Salvage Targeting Computer | -7/Zion | Archive Lgt. Fission Core | -7/Zion | Archive Armor Integrity Analyzer | -7/Zion | Archive Lrn. Tractor Beam | -7/Zion | Archive Hyp. Gauss Cannon | -7/Zion | Archive Remote Datajack | -7/Zion | Archive Imp. Trap Scanner | -7/Zion | Archive Hvy. Flak Cannon | -7/Zion | Archive Imp. Melee Analysis Suite | -7/Zion | Archive Power Maul | -7/Zion | Archive Imp. Medium Treads | -7/Zion | Archive Robot Schematics ------------------ L-41 Fighter | -7/Zion | Archive R-06 Scavenger | -7/Zion | Archive Fabricated ------------ Nothing Alien Tech Used ----------------- None Achievements -------------- Adventurer Signs Are For Wimps Challenges ------------ None Game ------ Seed WarlordImpactDetonator Manual? 0 Play Time 00:43:39 Cumulative 75.9 hours Start 2025.01.01 @ 19:49:54 End 2025.01.02 @ 13:41:05 Sessions 2 Manual Loads 0 Difficulty Rogue Special Mode None Game No. 64 Rogue 64 Adventurer 0 Explorer 0 Win Type - Total 1 Types 1/0/0/0/0/0/0/0/0 Lore% 27 Gallery% 45 Achievement% 33 Wizard Run 0 Options --------- Layout 2 ASCII 0 Keyboard 1 Movement Arrows Keybinds 0 Fullscreen 1 Font 24/Proggy Map View 50x44 Zoom Use 0% Tactical HUD 1 Map Filters NONE Filters NONE Steam 1 RUN: 450b84d4-7a77-486a-920d-3c9ca87f5cfb